 Dungeon Crawl Stone Soup version 0.32-a0-411-g744942f433 (webtiles) character file.

Game seed: 3334305932846155750

12 zenocrate the Sneak (level 2, 16/16 HPs)
             Began as a Felid Delver on Feb 20, 2024.
             Quit the game on level 5 of the Dungeon.
             The game lasted 00:00:15 (71 turns).

zenocrate the Sneak (Felid Delver)                    Turns: 71, Time: 00:00:16

Health: 16/16      AC:  1    Str:  8    XL:     2   Next: 20%
Magic:  3/3        EV: 18    Int: 13    God:
Gold:   0          SH:  0    Dex: 17    Spells: 1/1 levels left
                                        Lives:  0   Deaths: 1

rFire   . .          .
                       - Unarmed
rCold   . . .        (shield unavailable)
rNeg    . . .        (body armour unavailable)
rPois   .            (helmet unavailable)
rElec   .            (cloak unavailable)
rCorr   .            (gloves unavailable)
SInv    +            (boots unavailable)
Will    .....        (no amulet)
Stlth   ++++         (no ring)
HPRegen 0.22/turn    (no ring)
MPRegen 0.08/turn

%: no passive effects
@: no status effects
A: very small, claws 1, fangs 3, see invisible, shaggy fur 1, stealthy paws, no
weapons or thrown items, no armour, multi-lived
a: no special abilities


You were on level 5 of the Dungeon.
You visited 1 branch of the dungeon, and saw 1 of its levels.

Inventory:

Wands
 e - a wand of digging (3)
Scrolls
 a - a scroll of fog
 b - a scroll of revelation
 c - a scroll of fear
Potions
 d - a potion of haste


   Skills:
 + Level 3.1 Fighting
 + Level 3.1 Dodging
 + Level 6.8 Stealth
 + Level 2.2 Unarmed Combat


You had one spell level left.
You didn't know any spells.
Your spell library was empty.

Dungeon Overview and Level Annotations

Branches:
Dungeon (5/15)
 Temple: D:4-7

Altars:


Innate Abilities, Weirdness & Mutations

You have sharp claws.
You have razor-sharp teeth.
You have supernaturally acute eyesight. (SInv)
You are covered in fur. (AC +1)
Your paws help you pounce on unaware monsters.
You are incapable of wielding weapons or throwing items.
You cannot wear armour.
You gain extra lives every three experience levels.


Message History

Welcome, zenocrate the Felid Delver.
The Orb of Zot is coveted for many reasons.
Will you seize it for your own?
Press ? for a list of commands and other information.
Found a stone staircase leading down.
A sky beast comes into view.
An orc comes into view. It is wielding a +0 club.
The helpless orc fails to defend itself.
You mangle the orc!!
You kill the orc!
An adder comes into view.
You see here a +0 club.
An adder is nearby!
The helpless adder fails to defend itself.
You mangle the adder!!
You kill the adder!
Your Dodging skill increases to level 3!
You have reached level 2!
An ogre comes into view. It is wielding a +0 giant spiked club.
Found an escape hatch in the ceiling.
The ogre shouts!
Unknown command.
The ogre hits you with a +0 giant spiked club!!
Ouch! That really hurt!
You die...
You rejoin the land of the living...
Unknown command.
Unknown command.
Are you sure you want to abandon this character and quit the game? (Confirm with "yes".)

##.O..<###
#......... ..#
#.##..........
#.##......##.#
#.##......##.# ##
#.#.......##.###
.####.#..#.........
..............##.#
)#######.#......@#.
## #......####..###
# #.###..........
#.###.#..#
#.###.#..# ###
#.##.....# ..#
#.##..#.# #.#
#.......###.# #.#
####........#


There were no monsters in sight!

Vanquished Creatures
  An adder (D:5)
  An orc (D:5)
2 creatures vanquished.

Notes
Turn   | Place    | Note
-------+----------+-------------------------------------------
     0 | D:5      | zenocrate the Felid Delver began the quest for the Orb.
     0 | D:5      | Reached XP level 1. HP: 12/12 MP: 2/2
    13 | D:5      | Noticed a sky beast
    63 | D:5      | Reached XP level 2. HP: 16/16 MP: 3/3
    67 | D:5      | Noticed an ogre
    70 | D:5      | Mangled by an ogre
    70 | D:5      | Lost a life (0 lives remaining)
    71 | D:5      | Quit the game

Illustrated notes

Levels and vault maps discovered:
D:5:      gammafunk_steamed_eel, layout_loops_cross, kennysheep_mini

Skill      XL: |  1 |
---------------+----+-----
Dodging        | 3 |  3.1
Fighting       | |  3.1
Stealth        | |  6.8
Unarmed Combat | |  2.2

Action                     || total
---------------------------++-------
  Melee: Unarmed           ||     2
   Stab: Sleeping          ||     2
 Armour: Skin              ||     1

Table legend: (Time is in decaauts)
 A = Elapsed time spent in this place.
 B = Non-inter-level travel time spent in this place.
 C = Inter-level travel time spent in this place.
 D = Time resting spent in this place.
 E = Time spent auto-exploring this place.
 F = Levels seen in this place.
 G = Mean time per level.
                   A        B        C        D        E       F      G
               +--------+--------+--------+--------+--------+-----+--------+
         Total |     70 |     70 |      0 |      0 |     33 |   1 |   70.0 |
       Dungeon |     70 |     70 |      0 |      0 |     33 |   1 |   70.0 |
               +--------+--------+--------+--------+--------+-----+--------+

Top non-repeatable levels by time:
     D:5: 70 daAuts
